Map: Eternal Empire LE

Players

MrTurvie

  • Race: Protoss Protoss
  • Spawn Location: 1:00

antagomiR - Winner!

  • Race: Protoss Protoss
  • League: Gold
  • Spawn Location: 7:00

VOD

Have the link to the VOD?

Description

Time

  • Played on: April 1, 2020, 11:39 p.m.
  • Length: 7:57
Show
View Real Time Build Order
Export as new Build Order

MrTurvie Protoss 

Build Orders:  

Get SALT Encoding   

  12  0:13  Pylon  
  12  0:16  Probe (Chrono Boost)  
  13  0:27  Probe (Chrono Boost)  
  14  0:35  Forge  
  14  0:39  Probe  
  15  0:52  Probe  
  16  0:58  Pylon  
  16  1:04  Probe  
  17  1:18  Photon Cannon  
  17  1:32  Probe  
  18  1:44  Pylon  
  18  1:47  Nexus  
  18  2:04  Assimilator  
  18  2:15  Photon Cannon  
  18  2:16  Photon Cannon  
  18  2:22  Photon Cannon  
  18  2:29  Probe  
  19  2:41  Probe  
  20  2:47  Gateway  
  20  2:54  Assimilator  
  20  2:55  Probe (Chrono Boost)  
  21  3:00  Probe (Chrono Boost)  
  22  3:10  Probe (Chrono Boost)  
  23  3:15  Probe (Chrono Boost)  
  24  3:20  Assimilator  
  24  3:23  Assimilator  
  24  3:26  Probe  
  25  3:38  Probe  
  26  3:50  Pylon  
  26  3:51  Probe (Chrono Boost)  
  27  3:59  Probe (Chrono Boost)  
  28  4:08  Cybernetics Core  
  29  4:10  Probe (Chrono Boost), Pylon  
  29  4:14  Pylon  
  29  4:15  Probe (Chrono Boost)  
  31  4:20  Probe (Chrono Boost)  
  31  4:22  Probe (Chrono Boost), Photon Cannon  
  32  4:27  Probe (Chrono Boost)  
  33  4:39  Probe  
  34  4:46  Nexus  
  34  4:50  Pylon  
  34  4:51  Probe  
  35  4:54  Pylon  
  35  4:58  Pylon  
  35  5:04  Probe (Chrono Boost)  
  37  5:07  Probe (Chrono Boost)  
  37  5:09  Stalker  
  40  5:14  Probe (Chrono Boost)  
  40  5:17  Probe (Chrono Boost)  
  40  5:19  Probe (Chrono Boost)  
  42  5:21  Photon Cannon  
  42  5:25  Photon Cannon  
  42  5:27  Probe  
  43  5:39  Probe, Stalker  
  46  5:46  Stargate  
  46  5:49  Robotics Facility  
  46  5:51  Twilight Council  
  46  5:55  Probe (Chrono Boost)  
  48  5:57  Probe (Chrono Boost)  
  49  6:06  Probe (Chrono Boost)  
  49  6:09  Stalker  
  49  6:10  Probe (Chrono Boost)  
  52  6:14  Probe (Chrono Boost)  
  52  6:18  Probe (Chrono Boost)  
  54  6:19  Probe (Chrono Boost)  
  55  6:30  Probe, Pylon  
  56  6:32  Pylon  
  56  6:35  Photon Cannon  
  56  6:36  Photon Cannon  
  56  6:37  Photon Cannon  
  56  6:39  Stalker  
  58  6:40  Photon Cannon  
  58  6:42  Probe, Photon Cannon  
  59  6:47  Shield Battery  
  59  6:48  Pylon  
  59  7:00  Probe  
  60  7:06  Photon Cannon x2  
  60  7:09  Photon Cannon  
  60  7:11  Pylon  
  60  7:13  Probe  
  60  7:14  Shield Battery  
  61  7:18  Shield Battery  
  61  7:25  Probe (Chrono Boost)  
  61  7:26  Photon Cannon  
  61  7:27  Photon Cannon  
  63  7:37  Probe (Chrono Boost)  
  63  7:43  Probe (Chrono Boost)  
  64  7:50  Photon Cannon  
  64  7:51  Photon Cannon  
Show
View Real Time Build Order
Export as new Build Order

antagomiR Protoss - Winner!

Build Orders:  

Get SALT Encoding   

  12  0:01  Probe  
  13  0:13  Probe  
  14  0:18  Pylon  
  14  0:28  Probe  
  15  0:39  Gateway  
  15  0:43  Probe  
  16  0:53  Assimilator  
  16  0:55  Probe  
  17  1:10  Pylon  
  17  1:22  Assimilator  
  17  1:28  Forge  
  17  1:30  Pylon  
  17  1:39  Probe  
  18  1:51  Probe  
  18  1:52  Cybernetics Core  
  19  2:03  Probe, Photon Cannon  
  20  2:15  Probe (Chrono Boost)  
  21  2:23  Warp Gate (Chrono Boost)  
  21  2:25  Probe (Chrono Boost)  
  21  2:27  Stalker  
  24  2:30  Probe (Chrono Boost)  
  25  2:42  Probe  
  26  2:44  Gateway  
  26  2:56  Probe  
  27  2:59  Stalker  
  29  3:07  Pylon  
  29  3:08  Probe (Chrono Boost)  
  31  3:20  Probe (Chrono Boost)  
  31  3:25  Probe (Chrono Boost)  
  32  3:29  Stalker  
  34  3:34  Probe  
  35  3:42  Stalker  
  35  3:46  Probe  
  38  3:55  Twilight Council  
  38  3:59  Stalker  
  40  4:21  Pylon  
  40  4:23  Probe  
  41  4:28  Stalker  
  43  4:31  Blink (Chrono Boost)  
  43  4:35  Probe  
  44  4:44  Gateway  
  44  4:47  Probe  
  44  4:48  Gateway  
  45  4:54  Robotics Facility  
  45  5:14  Stalker x2  
  49  5:35  Probe  
  50  5:41  Stalker x2  
  54  5:59  Pylon x2  
  54  6:00  Pylon  
  54  6:17  Immortal  
  54  6:18  Stalker x3  
  64  6:45  Stalker x3  
  70  6:54  Probe  
  70  6:58  Warp Prism (Chrono Boost)  
  71  7:06  Probe  
  74  7:10  Stalker x2  
Tags
 
League
Gold
Matchup
PvP
Replay Pack
20200422
Spawn Locations
Cross Positions
Add a new tag
Caveats
  • Supply blocks, unpowered buildings, or Contaminate may cause inaccurate times.
  • Supply counts are checked every 10 seconds.